 Dungeon Crawl Stone Soup version 0.24.0-125-gc4c63601f3 (webtiles) character file.

Game seed: 16370165617616622999, levelgen mode: deterministic

72 Johnny the Digger (level 3, -3/26 HPs)
             Began as a Demigod Earth Elementalist on Feb 22, 2020.
             Slain by a worm (11 damage)
             ... on level 2 of the Dungeon.
             The game lasted 00:01:44 (1717 turns).

Johnny the Digger (Demigod Earth Elementalist)      Turns: 1717, Time: 00:01:45

Health: -3/26      AC:  2    Str: 11    XL:     3   Next: 82%
Magic:  8/10       EV: 12    Int: 21    God:
Gold:   126        SH:  0    Dex: 16    Spells: 3/7 levels left

rFire    + . .     SeeInvis .   i - +0 dagger
rCold    . . .     Gourm    .   (no shield)
rNeg     . . .     Faith    .   c - +0 robe
rPois    .         Spirit   .   (no helmet)
rElec    .         Reflect  .   (no cloak)
rCorr    .         Harm     .   (no gloves)
MR       .....                  (no boots)
Stlth    ++........             (no amulet)
HPRegen  0.08/turn              f - ring of protection from fire
MPRegen  0.12/turn              (no ring)

@: no status effects
A: high mp 1
a: no special abilities


You were on level 2 of the Dungeon.
You were hungry.

You visited 1 branch of the dungeon, and saw 2 of its levels.

You collected 126 gold pieces.

Inventory:

Hand Weapons
 i - a +0 dagger (weapon)
Missiles
 b - 20 stones (quivered)
Armour
 c - a +0 robe (worn)
Jewellery
 f - a ring of protection from fire (left hand)
Scrolls
 e - a scroll of remove curse {unknown}
 g - 2 scrolls of identify {unknown}
 h - 2 scrolls of immolation {unknown}
 j - a scroll of teleportation {unknown}
Potions
 a - a potion of cancellation {unknown}
 k - a potion of flight {unknown}
Comestibles
 d - 4 rations


   Skills:
 - Level 1.7 Dodging
 - Level 1.7 Stealth
 + Level 2.9 Spellcasting
   Level 0.8 Transmutations
 + Level 3.7 Earth Magic


You had 3 spell levels left.
You knew the following spells:

 Your Spells              Type           Power        Failure   Level  Hunger
a - Sandblast             Erth           ###...       3%          1    None
b - Stone Arrow           Conj/Erth      ##....       19%         3    ###....

Your spell library contained the following spells:

 Spells                   Type           Power        Failure   Level  Hunger
 Passwall                 Tmut/Erth      ##......     8%          2    ##.....
 Petrify                  Tmut/Erth      ##......     45%         4    ####...
 Lee's Rapid Deconstruct  Erth           ###.......   63%         5    ######.


Dungeon Overview and Level Annotations

Branches:
Dungeon (2/15)


Innate Abilities, Weirdness & Mutations

You have an increased reservoir of magic. (+10% MP)


Message History

A worm comes into view.
You see here 6 gold pieces.
A worm is nearby!
A worm is nearby!
You barely miss the worm. The worm misses you.
You hit the worm.
The worm is lightly wounded.
You barely miss the worm.
The worm is lightly wounded.
The worm bites you!
You are too injured to fight recklessly!
Casting: Sandblast (safe; 3% risk of failure)
Confirm with . or Enter, or press ? or * to list all spells.
Aiming: Sandblast (safe; 3% risk of failure)
Press: ? - help, Shift-Dir - straight line, f - worm
Aim: a worm The blast of sand misses the worm.
b - 20 stones The worm bites you!
You die...

#...............# #.##.#
#....)##......### #.##.#
##.....###...#.# #.##.##
.....###
##.##.########.#...####.
####.#
#.##.##...†.....#..†... #.#
#.##.##.#####.....##†.. #.#
#.##.##.# #...#.## ##.
####.###....##.##.####...#.#
...............w@...$....#..
####.###.####.[.............#
#.# #####.#####.###.# #.# #.#
#.# .# ####.# #.# #.# .#
...<.# #.# #.# ####.###.# #.#
#.# ...)†....# ..# .#
.###.#####


You could see a worm.

Vanquished Creatures
  A hound (D:2)
  A dart slug (D:1)
  2 leopard geckos
  2 giant cockroaches (D:1)
  4 goblins
  5 hobgoblins
  3 jackals (D:2)
  A quokka (D:2)
  2 ball pythons (D:1)
  7 bats (D:1)
  4 frilled lizards
  6 kobolds
  A rat (D:1)
39 creatures vanquished.

Notes
Turn   | Place    | Note
-------+----------+-------------------------------------------
     0 | D:1      | Johnny the Demigod Earth Elementalist began the quest for
                  | the Orb.
     0 | D:1      | Reached XP level 1. HP: 14/14 MP: 5/5
    72 | D:1      | Reached skill level 3 in Earth Magic
   169 | D:1      | Reached XP level 2. HP: 20/20 MP: 1/7
  1244 | D:2      | Reached XP level 3. HP: 11/26 MP: 7/9
  1479 | D:2      | Learned a level 3 spell: Stone Arrow
  1717 | D:2      | Slain by a worm

Levels and vault maps discovered:
D:1:      dpeg_arrival_windows_large_door, layout_basic, st_stairs_12
D:2:      layout_loops_ring

Skill      XL: |  1 |
---------------+----+-----
Spellcasting   | 2 |  2.9
Earth Magic    | 3 |  3.7
Dodging        | |  1.7
Stealth        | |  1.7
Transmutations | |  0.8

Action                   || total
-------------------------++-------
Melee: Unarmed           ||    25
       Dagger            ||    59
 Cast: Sandblast         ||    45
 Stab: Sleeping          ||     3
  Eat: Chunk             ||     2
Armor: Robe              ||    32
Dodge: Dodged            ||    93
